General information
- name: BNet
- type: Ladder team game (AT/RT)
- host: Battle.net
- saver: EZAttackMove
map: GolemsInTheMist
- players: 8
- length: 21:30
- speed: Fast
- version: 1.26 W3XP
- replay type: Public
» download(142 KB)
Players
team 1 (loser)

»
Itazo (
yellow | 95 APM | 1867 actions | 19:42)
5 Mountain King
3 Storm Bolt
2 Bash
» actions
| Assign group hotkey | 92 | |
| Basic commands | 294 | |
| Build / train | 59 | |
| Enter build submenu | 17 | |
| Enter hero's abilities submenu | 6 | |
| Give item / drop item | 2 | |
| Right click | 480 | |
| Select / deselect | 256 | |
| Select group hotkey | 610 | |
| Use ability | 51 | |
1867 total
» units
| Peasant | 9 | |
| Footman | 11 | |
| Knight | 14 | |
34 total
» upgrades
| Plating | 3 | |
| Lumber Harvesting | 1 | |
| Animal War Training | 1 | |
| Swords | 1 | |
6 total
» buildings
| Altar of Kings | 1 | |
| Farm | 10 | |
| Barracks | 2 | |
| Keep | 3 | |
| Arcane Vault | 1 | |
| Castle | 3 | |
| Blacksmith | 1 | |
| Lumber Mill | 1 | |
22 total
» build order
00:03 Altar of Kings
00:21 Farm
00:27 Farm
01:34 Barracks
01:46 Barracks
02:17 Farm
02:43 Keep
02:43 Keep
03:44 Farm
04:40 Arcane Vault
05:24 Castle
05:24 Castle
05:45 Blacksmith
05:47 Farm
06:10 Lumber Mill
06:36 Farm
07:21 Farm
08:03 Farm
09:16 Farm
10:13 Farm
» items
| Scroll of Town Portal | 2 | |
| Scroll of Regeneration | 2 | |
| Lesser Clarity Potion | 2 | |
6 total
ImperialEmpire (
green | 37 APM | 779 actions | 21:06)
5 Blood Mage
3 Banish
1 Siphon Mana
1 Flame Strike
2 Archmage
1 Summon Water Elemental
1 Brilliance Aura
» actions
| Build / train | 73 | |
| Enter build submenu | 25 | |
| Enter hero's abilities submenu | 7 | |
| Give item / drop item | 1 | |
| Remove unit from queue | 1 | |
| Right click | 287 | |
| Select / deselect | 329 | |
| Use ability | 56 | |
779 total
» units
| Peasant | 9 | |
| Footman | 6 | |
| Rifleman | 6 | |
| Priest | 4 | |
| Goblin Shredder | 1 | |
| Sorceress | 3 | |
| Spell Breaker | 4 | |
| Gryphon Rider | 3 | |
| Dragonhawk Rider | 2 | |
| Knight | 2 | |
40 total
» upgrades
| Defend | 1 | |
| Plating | 1 | |
| Armor | 2 | |
| Swords | 1 | |
| Gunpowder | 1 | |
| Lumber Harvesting | 1 | |
| Priest Training | 2 | |
| Sorceress Training | 1 | |
| Long Rifles | 1 | |
| Cloud | 1 | |
12 total
» buildings
| Farm | 10 | |
| Barracks | 1 | |
| Altar of Kings | 1 | |
| Blacksmith | 1 | |
| Lumber Mill | 1 | |
| Scout Tower | 6 | |
| Guard Tower | 5 | |
| Arcane Vault | 1 | |
| Keep | 1 | |
| Town Hall | 1 | |
| Arcane Sanctum | 1 | |
| Castle | 1 | |
| Gryphon Aviary | 1 | |
| Arcane Tower | 1 | |
32 total
» build order
00:23 Farm
00:37 Barracks
00:51 Altar of Kings
01:04 Farm
01:40 Farm
02:19 Farm
02:29 Blacksmith
02:43 Lumber Mill
03:02 Farm
03:58 Scout Tower
04:06 Scout Tower
04:28 Guard Tower
04:31 Scout Tower
04:56 Arcane Vault
04:57 Guard Tower
04:59 Guard Tower
05:03 Farm
05:40 Farm
06:03 Scout Tower
06:22 Farm
06:38 Guard Tower
07:07 Keep
09:13 Town Hall
09:41 Arcane Sanctum
14:08 Castle
14:19 Farm
15:06 Farm
15:26 Gryphon Aviary
15:46 Scout Tower
16:22 Guard Tower
16:25 Scout Tower
17:15 Arcane Tower
» items
| Scroll of Regeneration | 2 | |
| Scroll of Town Portal | 1 | |
3 total
FARM-BOY. (
teal | 48 APM | 1025 actions | 21:27)
3 Blood Mage
1 Flame Strike
2 Banish
» actions
| Assign group hotkey | 18 | |
| Basic commands | 81 | |
| Build / train | 68 | |
| Enter build submenu | 20 | |
| Enter hero's abilities submenu | 3 | |
| Give item / drop item | 2 | |
| Right click | 238 | |
| Select / deselect | 177 | |
| Select group hotkey | 356 | |
| Use ability | 62 | |
1025 total
» units
| Peasant | 13 | |
| Footman | 4 | |
| Goblin Shredder | 7 | |
| Gryphon Rider | 7 | |
| Goblin Sapper | 7 | |
38 total
» upgrades
| Masonry | 2 | |
| Swords | 3 | |
| Armor | 2 | |
| Animal War Training | 1 | |
| Storm Hammers | 1 | |
9 total
» buildings
| Altar of Kings | 1 | |
| Barracks | 1 | |
| Farm | 13 | |
| Scout Tower | 3 | |
| Arcane Vault | 1 | |
| Arcane Tower | 1 | |
| Town Hall | 1 | |
| Lumber Mill | 1 | |
| Keep | 1 | |
| Blacksmith | 1 | |
| Guard Tower | 2 | |
| Castle | 3 | |
| Gryphon Aviary | 4 | |
33 total
» build order
00:10 Altar of Kings
00:20 Barracks
00:35 Farm
00:50 Farm
01:31 Scout Tower
01:38 Arcane Vault
01:59 Arcane Tower
02:11 Farm
03:23 Farm
04:09 Farm
04:27 Town Hall
05:15 Lumber Mill
05:19 Scout Tower
05:20 Scout Tower
05:29 Keep
06:02 Blacksmith
06:27 Guard Tower
07:21 Farm
07:36 Farm
07:36 Farm
07:36 Farm
07:38 Farm
07:51 Castle
07:51 Castle
08:01 Gryphon Aviary
08:03 Gryphon Aviary
08:05 Gryphon Aviary
08:17 Gryphon Aviary
09:08 Farm
09:09 Farm
» items
| Scroll of Regeneration | 2 | |
| Scroll of Town Portal | 4 | |
| Orb of Fire | 1 | |
| Potion of Healing | 3 | |
10 total

»
Venac (
blue | 48 APM | 1006 actions | 21:02)
6 Paladin
2 Holy Light
1 Divine Shield
2 Devotion Aura
1 Resurrection
» actions
| Assign group hotkey | 33 | |
| Basic commands | 1 | |
| Build / train | 57 | |
| Enter build submenu | 25 | |
| Enter hero's abilities submenu | 6 | |
| Right click | 457 | |
| Select / deselect | 201 | |
| Select group hotkey | 183 | |
| Use ability | 43 | |
1006 total
» units
| Peasant | 8 | |
| Footman | 2 | |
| Rifleman | 13 | |
| Siege Engine | 11 | |
34 total
» upgrades
| Gunpowder | 3 | |
| Armor | 1 | |
| Lumber Harvesting | 1 | |
| Long Rifles | 1 | |
| Plating | 3 | |
| Barrage | 1 | |
10 total
» buildings
| Altar of Kings | 2 | |
| Farm | 12 | |
| Barracks | 1 | |
| Scout Tower | 2 | |
| Arcane Vault | 1 | |
| Lumber Mill | 2 | |
| Arcane Tower | 1 | |
| Blacksmith | 1 | |
| Keep | 1 | |
| Guard Tower | 1 | |
| Workshop | 2 | |
| Castle | 1 | |
27 total
» build order
00:12 Altar of Kings
00:19 Farm
01:20 Barracks
01:34 Scout Tower
01:39 Farm
01:51 Arcane Vault
02:11 Lumber Mill
02:31 Arcane Tower
02:39 Blacksmith
02:44 Lumber Mill
02:51 Farm
03:55 Keep
04:38 Scout Tower
05:26 Guard Tower
05:30 Farm
06:55 Workshop
07:01 Workshop
07:19 Castle
07:27 Farm
08:47 Farm
09:52 Farm
09:57 Farm
10:41 Farm
12:02 Farm
12:06 Farm
15:03 Farm
20:24 Altar of Kings
» items
team 2 (winner)
Brananathon (
orange | 89 APM | 1911 actions | 21:27)
3 Blademaster
2 Wind Walk
1 Critical Strike
4 Far Seer
2 Feral Spirit
2 Chain Lighting
2 Mountain King
1 Bash
1 Storm Bolt
» actions
| Assign group hotkey | 36 | |
| Basic commands | 52 | |
| Build / train | 120 | |
| ESC pressed | 13 | |
| Enter build submenu | 23 | |
| Enter hero's abilities submenu | 9 | |
| Give item / drop item | 3 | |
| Remove unit from queue | 2 | |
| Right click | 731 | |
| Select / deselect | 357 | |
| Select group hotkey | 480 | |
| Use ability | 85 | |
1911 total
» units
| Peon | 10 | |
| Grunt | 5 | |
| Footman | 35 | |
| Peasant | 5 | |
| Demolisher | 25 | |
80 total
» upgrades
| Defend | 1 | |
| Ranged Weapons | 2 | |
| Plating | 3 | |
| Swords | 2 | |
| Burning Oil | 1 | |
9 total
» buildings
| Altar of Storms | 1 | |
| Orc Burrow | 6 | |
| Barracks | 3 | |
| Voodoo Lounge | 1 | |
| Stronghold | 1 | |
| Keep | 1 | |
| Arcane Vault | 1 | |
| Farm | 6 | |
| Fortress | 2 | |
| War Mill | 1 | |
| Blacksmith | 1 | |
| Castle | 1 | |
25 total
» build order
00:09 Altar of Storms
00:12 Orc Burrow
00:46 Barracks
01:26 Orc Burrow
01:46 Voodoo Lounge
03:25 Stronghold
03:49 Orc Burrow
03:57 Barracks
04:57 Keep
05:30 Arcane Vault
05:43 Farm
06:19 Fortress
06:19 Fortress
06:26 War Mill
06:35 Blacksmith
07:28 Farm
08:12 Farm
08:30 Orc Burrow
08:31 Orc Burrow
08:55 Orc Burrow
10:01 Farm
15:00 Castle
15:02 Farm
15:05 Barracks
20:47 Farm
» items
| Healing Salve | 2 | |
| Lesser Clarity Potion | 2 | |
| Scroll of Speed | 2 | |
| Scroll of Regeneration | 2 | |
| Tiny Great Hall | 1 | |
| Scroll of Town Portal | 2 | |
11 total
x9o5-aNon (
purple | 21 APM | 98 actions | 04:39)
1 Mountain King
1 Thunder Clap
» actions
| Build / train | 16 | |
| Enter build submenu | 8 | |
| Enter hero's abilities submenu | 1 | |
| Right click | 22 | |
| Select / deselect | 41 | |
| Use ability | 10 | |
98 total
» units
» buildings
| Barracks | 1 | |
| Farm | 5 | |
| Altar of Kings | 1 | |
7 total
» build order
00:05 Barracks
00:07 Farm
00:10 Altar of Kings
00:57 Farm
02:22 Farm
03:35 Farm
04:25 Farm
EZAttackMove (
red | 61 APM | 1321 actions | 21:30)
5 Mountain King
3 Storm Bolt
2 Bash
» actions
| Assign group hotkey | 84 | |
| Basic commands | 38 | |
| Build / train | 95 | |
| Enter build submenu | 35 | |
| Enter hero's abilities submenu | 6 | |
| Give item / drop item | 2 | |
| Remove unit from queue | 1 | |
| Right click | 474 | |
| Select / deselect | 309 | |
| Select group hotkey | 226 | |
| Use ability | 51 | |
1321 total
» units
| Peasant | 16 | |
| Footman | 10 | |
| Goblin Shredder | 1 | |
| Gryphon Rider | 15 | |
| Goblin Zeppelin | 1 | |
43 total
» upgrades
| Masonry | 3 | |
| Swords | 3 | |
| Storm Hammers | 1 | |
| Animal War Training | 1 | |
| Armor | 3 | |
11 total
» buildings
| Altar of Kings | 1 | |
| Farm | 10 | |
| Barracks | 1 | |
| Scout Tower | 13 | |
| Arcane Tower | 1 | |
| Keep | 1 | |
| Arcane Vault | 1 | |
| Lumber Mill | 1 | |
| Guard Tower | 23 | |
| Castle | 1 | |
| Gryphon Aviary | 3 | |
| Blacksmith | 1 | |
| Town Hall | 1 | |
58 total
» build order
00:04 Altar of Kings
00:08 Farm
00:11 Barracks
01:40 Farm
02:08 Scout Tower
02:36 Arcane Tower
02:39 Farm
03:54 Keep
04:19 Arcane Vault
04:29 Lumber Mill
05:01 Scout Tower
05:03 Scout Tower
05:37 Guard Tower
05:37 Guard Tower
05:41 Scout Tower
05:45 Scout Tower
05:58 Guard Tower
06:09 Farm
06:16 Guard Tower
06:18 Farm
06:34 Guard Tower
06:34 Guard Tower
06:39 Castle
06:54 Scout Tower
07:17 Gryphon Aviary
07:29 Guard Tower
07:29 Guard Tower
07:59 Blacksmith
08:07 Farm
08:24 Gryphon Aviary
09:19 Gryphon Aviary
10:19 Farm
13:38 Farm
13:50 Town Hall
16:11 Scout Tower
16:13 Scout Tower
16:15 Scout Tower
16:45 Scout Tower
17:10 Guard Tower
17:10 Guard Tower
17:11 Guard Tower
17:11 Guard Tower
17:42 Guard Tower
17:44 Guard Tower
18:07 Scout Tower
18:08 Scout Tower
18:36 Farm
18:38 Scout Tower
19:03 Guard Tower
19:03 Guard Tower
19:45 Guard Tower
21:19 Farm
» items
| Scroll of Regeneration | 4 | |
| Orb of Fire | 1 | |
| Scroll of Town Portal | 2 | |
7 total

»
Zocar (
pink | 31 APM | 672 actions | 21:27)
» actions
| Assign group hotkey | 9 | |
| Basic commands | 14 | |
| Build / train | 105 | |
| ESC pressed | 2 | |
| Enter build submenu | 24 | |
| Remove unit from queue | 4 | |
| Right click | 206 | |
| Select / deselect | 271 | |
| Select group hotkey | 11 | |
| Use ability | 26 | |
672 total
» units
| Wisp | 32 | |
| Huntress | 20 | |
| Glaive Thrower | 2 | |
| Archer | 17 | |
| Druid of the Claw | 2 | |
| Hippogryph | 9 | |
| Druid of the Talon | 2 | |
| Chimaera | 4 | |
88 total
» upgrades
| Moon Armor | 2 | |
| Strength of the Moon | 2 | |
| Vorpal Blades | 1 | |
| Improved Bows | 1 | |
| Upgrade Moon Glaive | 1 | |
7 total
» buildings
| Hunter's Hall | 1 | |
| Ancient of War | 2 | |
| Altar of Elders | 2 | |
| Moon Well | 8 | |
| Ancient Protector | 4 | |
| Tree of Ages | 1 | |
| Tree of Eternity | 1 | |
| Ancient of Lore | 1 | |
| Tree of Life | 1 | |
| Ancient of Wind | 2 | |
| Chimaera Roost | 2 | |
25 total
» build order
01:00 Hunter's Hall
01:32 Ancient of War
02:08 Altar of Elders
02:29 Moon Well
03:26 Ancient Protector
03:31 Moon Well
04:12 Ancient of War
04:49 Moon Well
05:45 Tree of Ages
06:29 Ancient Protector
08:11 Tree of Eternity
08:36 Altar of Elders
11:09 Moon Well
11:15 Moon Well
12:33 Moon Well
12:39 Ancient of Lore
13:23 Tree of Life
13:39 Ancient Protector
14:33 Ancient of Wind
14:47 Ancient Protector
17:53 Ancient of Wind
18:08 Chimaera Roost
18:39 Moon Well
18:46 Chimaera Roost
21:02 Moon Well
Chat log
(00:20 / All) EZAttackMove: fuck golems
(00:29 / All) EZAttackMove: this map has been in the map pool for over 4,000 years
(03:11 / All) FARM-BOY.: nigger get the fuck out
(03:15 / All) Brananathon: gl hf
(03:15 / All) FARM-BOY.: this is a human world orc
(04:12 / All) Brananathon: so, 4 humans walk into a bar
(04:21 / All) Brananathon: Yellow, stop trying to surround
(04:28 / All) Brananathon: you're not th000
(08:53 / Allies) Zocar: help
(08:55 / Allies) Zocar: help
(09:28 / Allies) Zocar: in my base
(12:03 / Allies) EZAttackMove: gold please
(13:46 / All) Brananathon: =D
(14:15 / All) Brananathon: That should have worked, I need to fix that build up a little.
(15:17 / All) Venac: HIT
(18:18 / All) Brananathon: =D
(19:11 / All) Venac: i can't believe we lost
(19:16 / All) FARM-BOY.: we didnt
(19:18 / All) EZAttackMove: you clowns suck
(19:26 / All) Venac: sure
(20:36 / All) Venac: wel
(21:08 / All) EZAttackMove: leave faggots. you lost